 Dungeon Crawl Stone Soup version 0.30-a0-711-gf4ac18a38d (webtiles) character file.

Game seed: 9705657977380358604

93 Orangeyouglad the Trooper (level 4, -1/48 HPs)
             Began as an Ogre Gladiator on Jan 21, 2023.
             Was an Initiate of Ashenzari.
             Frozen to death by an endoplasm (4 damage)
             ... on level 2 of the Dungeon on Jan 22, 2023.
             The game lasted 00:05:45 (1180 turns).

Orangeyouglad the Trooper (Ogre Gladiator)          Turns: 1180, Time: 00:05:45

Health: -1/48      AC:  3    Str: 20    XL:     4   Next: 61%
Magic:  4/4        EV: 10    Int:  9    God:    Ashenzari [......]
Gold:   110        SH:  0    Dex: 10    Spells: 3/3 levels left

rFire   . . .      SeeInvis .    a - +0 quarterstaff
rCold   . . .      Faith    .    (shield currently unavailable)
rNeg    . . .      Spirit   .    b - +0 robe
rPois   .          Reflect  .    c - +0 hat
rElec   .          Harm     .    (no cloak)
rCorr   .          Rampage  .    (gloves unavailable)
Will    .....                    (boots unavailable)
Stlth   +                        (no amulet)
HPRegen 0.28/turn                (no ring)
MPRegen 0.09/turn                (no ring)

@: confused
A: large, unfitting armour, tough skin 1
a: Renounce Religion, Curse Item


You were on level 2 of the Dungeon.
You worshipped Ashenzari.
Ashenzari was noncommittal.
You visited 1 branch of the dungeon, and saw 2 of its levels.

You collected 110 gold pieces.

Inventory:

Hand Weapons
 a - a +0 quarterstaff (weapon)
 h - a +1 rapier of protection
Missiles
 d - a throwing net
 e - a large rock
 g - 10 poisoned darts
 k - a boomerang (quivered)
Armour
 b - a +0 robe (worn)
 c - a +0 hat (worn)
Jewellery
 f - a ring of willpower
Scrolls
 m - a scroll of vulnerability


   Skills:
 + Level 3.9 Fighting
 + Level 3.6 Staves
 + Level 2.8 Throwing
 + Level 3.3 Dodging


You had 3 spell levels left.
You didn't know any spells.
Your spell library was empty.

Dungeon Overview and Level Annotations

Branches:
Dungeon (2/15)

Altars:
Ashenzari

Shops:
D:2 (

Annotations:
D:2 1 runed translucent door, Crazy Yiuf, Sigmund


Innate Abilities, Weirdness & Mutations

You are too large for most types of armour.
You have tough skin. (AC +1)


Message History

The endoplasm attacks as you move away! The endoplasm completely misses you.
Sigmund says, "Don't worry, I'll kill you fast."
The endoplasm attacks as you move away!
The endoplasm hits you but does no damage.
The endoplasm attacks as you move away!
The endoplasm hits you but does no damage.
Sigmund gestures at you while chanting.
You are confused.
You bump into the rock wall.
The endoplasm hits you.
The endoplasm hits you but does no damage.
You hit the endoplasm.
The endoplasm is almost dead.
Sigmund hits you from afar with a +0 scythe!
* * * LOW HITPOINT WARNING * * *
The endoplasm freezes you.
You are frozen.
* * * LOW HITPOINT WARNING * * *
Sigmund casts a spell at you.
You are more confused.
You bump into the rock wall.
The endoplasm freezes you.
You are frozen.
* * * LOW HITPOINT WARNING * * *
You're too confused to move!
The endoplasm freezes you.
You are frozen.
* * * LOW HITPOINT WARNING * * *
Sigmund closely misses you.
You bump into the rock wall.
The endoplasm freezes you.
You are frozen.
* * * LOW HITPOINT WARNING * * *
Sigmund barely misses you.
You aren't carrying any potions.
You are too confused!
Unknown command.
You bump into the rock wall.
The endoplasm freezes you.
You are frozen.
You die...

#.)# ###
#†###############.. #†#
#.............#
####.###†#############
#........############
#####.#.........@...#
#.#############.# #.#
#.## ######@### #..#
#.....J..# #..#
#.....@..# ##.##
#........# #.@#
#........# #.##
#........##########.###
#.....................#
#........##########.#.#
#........# ....#


You could see Sigmund and an endoplasm.

Vanquished Creatures
  Natasha (D:2)
  Robin (D:2)
  An adder (D:2)
  A worm (D:2)
  A dart slug (D:2)
  An endoplasm (D:2)
  A giant cockroach (D:2)
  10 goblins
  5 hobgoblins
  2 quokkas
  2 ball pythons (D:2)
  4 bats
  3 frilled lizards (D:2)
  6 kobolds
  3 rats
42 creatures vanquished.

Notes
Turn   | Place    | Note
-------+----------+-------------------------------------------
     0 | D:1      | Orangeyouglad the Ogre Gladiator began the quest for the
                  | Orb.
     0 | D:1      | Reached XP level 1. HP: 22/22 MP: 1/1
    97 | D:1      | Found a faded altar of an unknown god.
   121 | D:1      | Prayed at the altar of an unknown god.
   121 | D:1      | Became a worshipper of Ashenzari the Shackled
   275 | D:1      | Reached XP level 2. HP: 26/31 MP: 2/2
   652 | D:2      | Found Cuddeih's Weapon Boutique.
   687 | D:2      | Reached XP level 3. HP: 24/37 MP: 3/3
   837 | D:2      | Noticed Natasha
   839 | D:2      | Identified the -1 helmet of Okawaru's Favour {Will++
                  | Regen+}
   839 | D:2      | Noticed Robin
   851 | D:2      | Killed Natasha
   855 | D:2      | Reached XP level 4. HP: 16/48 MP: 4/4
   866 | D:2      | HP: 2/48 [hobgoblin[Robin] (4)]
   867 | D:2      | Upgraded the game from 0.30-a0-702-gdf48620a09 to
                  | 0.30-a0-711-gf4ac18a38d
   877 | D:2      | Killed Robin
   994 | D:2      | Found a runed translucent door.
   995 | D:2      | Noticed Crazy Yiuf
  1111 | D:2      | Noticed Sigmund
  1180 | D:2      | Frozen to death by an endoplasm

Illustrated notes

Levels and vault maps discovered:
D:1:      minmay_arrival_four_loops, layout_basic,
          shapermc_ecumenical_altar_venn
D:2:      layout_rooms, serial_shops, nicolae_shop_crystal, minmay_box_of_dots,
          uniq_robin, uniq_sigmund, uniq_natasha, uniq_crazy_yiuf_cottage

Skill      XL: |  1  2 |
---------------+-------+-----
Fighting       | 3 |  3.9
Dodging        | 3 |  3.3
Staves         | |  3.6
Throwing       | |  2.8

Action                     |  1- 3 |  4- 6 || total
---------------------------+-------+-------++-------
  Melee: Quarterstaff      |    50 |    34 ||    84
  Throw: Boomerang         |    18 |       ||    18
         Throwing net      |       |     3 ||     3
         Large rock        |       |     1 ||     1
    Use: Potion            |       |     2 ||     2
         Scroll            |       |     1 ||     1
 Armour: Robe              |    15 |     9 ||    24
  Dodge: Dodged            |    24 |    23 ||    47

Table legend: (Time is in decaauts)
 A = Elapsed time spent in this place.
 B = Non-inter-level travel time spent in this place.
 C = Inter-level travel time spent in this place.
 D = Time resting spent in this place.
 E = Time spent auto-exploring this place.
 F = Levels seen in this place.
 G = Mean time per level.
                   A        B        C        D        E       F      G
               +--------+--------+--------+--------+--------+-----+--------+
         Total |   1194 |   1146 |     48 |    146 |    634 |   2 |  597.0 |
       Dungeon |   1194 |   1146 |     48 |    146 |    634 |   2 |  597.0 |
               +--------+--------+--------+--------+--------+-----+--------+

Top non-repeatable levels by time:
     D:2: 661 daAuts
     D:1: 533 daAuts
